 Dungeon Crawl Stone Soup version 0.27.1-4-g1640c2035a (webtiles) character file.

Game seed: 17170513565845985876

98 Stomo444 the Gusty (level 4, -1/23 HPs)
             Began as a Vine Stalker Air Elementalist on Nov 13, 2021.
             Slain by a bullfrog (7 damage)
             ... on level 3 of the Dungeon.
             The game lasted 00:05:08 (3303 turns).

Stomo444 the Gusty (Vine Stalker Air Elementalist)  Turns: 3303, Time: 00:05:09

Health: -1/23      AC:  2    Str: 11    XL:     4   Next: 69%
Magic:  0/8        EV: 13    Int: 15    God:
Gold:   127        SH:  0    Dex: 15    Spells: 4/7 levels left

rFire    . . .     SeeInvis .   o - +0 dagger (holy)
rCold    . . .     Faith    .   (no shield)
rNeg     . . .     Spirit   +   a - +0 robe
rPois    .         Reflect  .   (no helmet)
rElec    .         Harm     .   (no cloak)
rCorr    .         Rampage  .   (no gloves)
Will     .....                  (no boots)
Stlth    ++........             (no amulet)
HPRegen  1.07/turn              (no ring)
MPRegen  0.11/turn              (no ring)

@: very slightly contaminated
A: fangs 2, regeneration 1, magic shield, antimagic bite, no potion heal 2
a: no special abilities


You were on level 3 of the Dungeon.
You visited 1 branch of the dungeon, and saw 3 of its levels.

You collected 127 gold pieces.

Inventory:

Hand Weapons
 c - a +0 dagger
 o - a +0 dagger of holy wrath (weapon)
Armour
 a - a +0 robe (worn)
Jewellery
 m - a ring of resist corrosion
Scrolls
 d - a scroll of torment {unknown}
 e - a scroll of vulnerability {unknown}
 i - a scroll of amnesia
 j - 2 scrolls of identify {unknown}
 n - a scroll of teleportation {unknown}
Potions
 b - a potion of magic {unknown}
 f - a potion of attraction {unknown}
 g - a potion of might {unknown}
 h - a potion of curing {unknown}
 k - a potion of degeneration {unknown}
 l - a potion of haste {unknown}


   Skills:
 + Level 2.5 Fighting
 + Level 3.0 Dodging
 - Level 2.4 Stealth
 - Level 2.1 Spellcasting
 - Level 1.0 Conjurations
 - Level 3.0 Air Magic


You had 4 spell levels left.
You knew the following spells:

 Your Spells              Type           Power      Damage    Failure   Level
a - Shock                 Conj/Air       28%        1d4       10%         1
b - Static Discharge      Conj/Air       7%         N/A       14%         2

Your spell library contained the following spells:

 Spells                   Type           Power      Damage    Failure   Level
 Swiftness                Air            10%        N/A       19%         3
 Mephitic Cloud           Conj/Pois/Air  5%         N/A       36%         3
 Ignite Poison            Fire/Tmut/Pois 1%         N/A       54%         3
 Airstrike                Air            5%         N/A       54%         4
 Bolt of Magma            Conj/Fire/Erth 1%         4d4       99%         5


Dungeon Overview and Level Annotations

Branches:
Dungeon (3/15)

Altars:


Innate Abilities, Weirdness & Mutations

You have extremely sharp teeth.
Your natural rate of healing is unusually fast.
When hurt, damage is shared between your health and your magic reserves.
Your bite disrupts and absorbs the magic of your enemies.
Potions cannot restore your health.


Message History

Okay, then.
Found a hand axe.
Okay, then.
Casting: Shock (safe; 10% risk of failure)
Confirm with . or Enter, or press ? or * to list all spells.
Aiming: Shock (safe; 10% risk of failure)
Press: ? - help, Shift-Dir - straight line The zap hits the bullfrog.
The bullfrog is lightly wounded.
The bullfrog gives a loud, deep croak!
The zap misses the bullfrog.
The bullfrog completely misses you.
Unknown command.
Casting: Shock (safe; 10% risk of failure)
Confirm with . or Enter, or press ? or * to list all spells.
Aiming: Shock (safe; 10% risk of failure)
Press: ? - help, Shift-Dir - straight line
Okay, then.
Casting: Shock (safe; 10% risk of failure)
Confirm with . or Enter, or press ? or * to list all spells.
The bullfrog is struck by an arc of lightning.
The bullfrog is moderately wounded.
The lightning grounds out.
The bullfrog hits you.
Unknown command.
Casting: Static Discharge (safe; 14% risk of failure)
Confirm with . or Enter, or press ? or * to list all spells.
You miscast Static Discharge.
You are very lightly contaminated with residual magic.
Nothing appears to happen.
The bullfrog hits you! The bullfrog hits you.
Unknown command.
The bullfrog hits you!
As you read the scroll labelled XIEMPUHULE, it crumbles to dust.
It is a scroll of amnesia.
Really abort (and waste the scroll)? [Y]es or [N]o only, please.
Really abort (and waste the scroll)?
Okay, then.
The bullfrog misses you. The bullfrog hits you.
* * * LOW HITPOINT WARNING * * *
The bullfrog hits you!
You die...

###) .### # ...#...
##. #...###
#...###.##.##
#.........#.#
#...##.###.## #. ##
#.# #.# #.#
#F###.###.# #.#
#.@.......# #.#
###...##### #.#
#########>..# #.#
#...........#
#.#######.#######..##
......†............#
..#######.########.#
..# #.# #.# ..# #.#
)#


You could see a bullfrog.

Vanquished Creatures
  3 adders
  An adder skeleton (D:2)
  2 dart slugs (D:2)
  5 ball pythons
  8 endoplasms
  A giant cockroach (D:1)
  6 goblins
  7 hobgoblins
  8 jackals (D:2)
  2 quokkas
  3 bats (D:2)
  2 frilled lizards (D:1)
  3 kobolds
  2 rats
53 creatures vanquished.

Notes
Turn   | Place    | Note
-------+----------+-------------------------------------------
     0 | D:1      | Stomo444 the Vine Stalker Air Elementalist began the quest
                  | for the Orb.
     0 | D:1      | Reached XP level 1. HP: 9/9 MP: 4/4
   424 | D:1      | Reached XP level 2. HP: 14/14 MP: 3/6
   425 | D:1      | Reached skill level 1 in Fighting
   935 | D:1      | Found a faded altar of an unknown god.
  1266 | D:2      | Reached XP level 3. HP: 9/18 MP: 0/7
  1278 | D:2      | Learned a level 2 spell: Static Discharge
  2311 | D:2      | Gained mutation: Your natural rate of healing is unusually
                  | fast. [Vine Stalker growth]
  2311 | D:2      | Reached XP level 4. HP: 23/23 MP: 2/8
  3282 | D:3      | Noticed a bullfrog
  3303 | D:3      | Slain by a bullfrog

Illustrated notes

Levels and vault maps discovered:
D:1:      dpeg_arrival_line_fractal, layout_basic,
          shapermc_ecumenical_altar_starsandcircs, minmay_misc_feat_encased
D:2:      layout_loops_ring, minmay_domino_4
D:3:      layout_loops_ring, minmay_misc_feat_square

Skill      XL: |  1  2  3  4 |
---------------+-------------+-----
Fighting       | 1 2 |  2.5
Dodging        | 2 3 |  3.0
Stealth        | |  2.4
Spellcasting   | |  2.1
Conjurations   | |  1.0
Air Magic      | |  3.0

Action                   |  1- 3 |  4- 6 || total
-------------------------+-------+-------++-------
Melee: Dagger            |    41 |    23 ||    64
       Bite              |     8 |     4 ||    12
 Cast: Shock             |    62 |    25 ||    87
       Static Discharge  |     6 |     9 ||    15
  Use: Scroll            |       |     1 ||     1
 Stab: Sleeping          |       |     1 ||     1
Armor: Robe              |     7 |     2 ||     9
Dodge: Dodged            |    33 |    19 ||    52
